 Dungeon Crawl Stone Soup version 0.25.0-1-g7eea58d2a3 (webtiles) character file.

Game seed: 3708926686093898444

2328 McIrco the Blocker (level 9, -4/81 HPs)
             Began as a Minotaur Fighter on June 14, 2020.
             Was an Initiate of Gozag.
             Shot with a bolt by an orc warrior (13 damage)
             ... in a bailey.
             The game lasted 00:09:53 (7302 turns).

McIrco the Blocker (Minotaur Fighter)               Turns: 7302, Time: 00:09:54

Health: -4/81      AC: 12    Str: 24    XL:     9   Next: 19%
Magic:  8/8        EV: 10    Int:  5    God:    Gozag
Gold:   221        SH: 12    Dex: 12    Spells: 8/8 levels left

rFire    . . .     SeeInvis .   a - +1 war axe
rCold    . . .     Gourm    .   c - +0 kite shield
rNeg     . . .     Faith    .   b - +0 scale mail
rPois    .         Spirit   .   (helmet restricted)
rElec    .         Reflect  .   (no cloak)
rCorr    .         Harm     .   (no gloves)
MR       .....                  j - +2 pair of boots
Stlth    +.........             (no amulet)
HPRegen  0.23/turn              (no ring)
MPRegen  0.11/turn              (no ring)

@: gold aura
A: retaliatory headbutt, horns 2, rugged brown scales 1, thin skeletal structure
1, MP-powered wands
a: Potion Petition, Call Merchant, Bribe Branch, Renounce Religion


You were in a bailey.
You worshipped Gozag.
Gozag was aware of your devotion.
You were not hungry.

You visited 2 branches of the dungeon, and saw 8 of its levels.
You also visited: Bailey.

You collected 299 gold pieces.
You paid 78 gold pieces to Gozag.

Inventory:

Hand Weapons
 a - a +1 war axe (weapon)
Armour
 b - a +0 scale mail (worn)
 c - a +0 kite shield (worn)
 j - a +2 pair of boots (worn)
 A - a +0 plate armour
Jewellery
 y - a cursed amulet of inaccuracy
Wands
 w - a wand of clouds (6)
Scrolls
 h - 3 scrolls of teleportation
 i - 5 scrolls of enchant weapon
 l - a scroll of fog
 x - a scroll of amnesia
Potions
 d - 2 potions of might
 g - a potion of heal wounds
 k - 2 potions of flight
 n - a potion of haste
 p - a potion of invisibility
 q - a potion of lignification
 s - a potion of curing
 t - a potion of berserk rage
 u - 2 potions of degeneration
 z - 2 potions of mutation
Comestibles
 f - 13 rations


   Skills:
 * Level 7.3 Fighting
 + Level 7.4 Axes
 * Level 7.8 Armour
 + Level 2.3 Dodging
 + Level 1.1 Stealth
 * Level 9.0 Shields


You had 8 spell levels left.
You didn't know any spells.
Your spell library contained the following spells:

 Spells                   Type           Power        Failure   Level  Hunger
 Magic Dart               Conj           #...         94%         1    ##.....
 Blink                    Tloc           N/A          98%         2    ###....
 Call Imp                 Summ           #.......     98%         2    ###....
 Slow                     Hex            #.......     98%         2    ###....
 Conjure Flame            Conj/Fire      #.......     100%        3    ####...
 Mephitic Cloud           Conj/Pois/Air  #.......     100%        3    ####...


Dungeon Overview and Level Annotations

Branches:
Dungeon (7/15)             Temple (1/1) D:6          Bailey (1/1)

Altars:
Ashenzari
Cheibriados
Dithmenos
Elyvilon
Gozag
Hepliaklqana
Kikubaaqudgha
Makhleb
Nemelex Xobeh
Qazlal
Ru
Sif Muna
Trog
Vehumet
Xom
Yredelemnul
The Shining One


Innate Abilities, Weirdness & Mutations

You reflexively headbutt those who attack you in melee.
You have a pair of horns on your head.
You are partially covered in rugged brown scales. (AC +1, +3% HP)
You have a somewhat thin skeletal structure. (Dex +2, Stealth)
You expend magic power (3 MP) to strengthen your wands.


Message History

You see here a bolt.
You see here a bolt.
The orc shoots a bolt.
The bolt barely misses you.
You see here 2 bolts.
The orc shouts!
The orc shoots a bolt.
The bolt hits you but does no damage.
You see here a bolt.
The orc shoots a bolt.
You block the bolt.
You see here a bolt.
The orc warrior shoots a bolt.
The bolt hits you.
The orc unwields a +0 arbalest.
You block the orc's attack.
The orc warrior shoots a bolt.
The bolt barely misses you.
The orc warrior shoots a bolt.
The bolt hits you!!
* * * LOW HITPOINT WARNING * * *
You see here a bolt.
You slash the orc!
You kill the orc!
The orc warrior shoots a bolt.
The bolt hits you!
You die...
Your body crumbles into a pile of gold.

##(.............#
#(.............#
##(............#
#............(#
#(.(.........(#
#....(.(.((..(#
##(...........(#
#(............(#
#...........@..#
#............$..#
#....≈≈≈≈≈.......#
#....≈≈#o#≈≈......#
.....≈#oo##≈......#
......≈o.^oo≈......#
......≈##.##≈......#
≈≈......#


You could see 2 orc warriors and an orc.

Vanquished Creatures
  2 ice beasts
  3 ogres
  2 orc warriors
  4 phantoms
  2 centaurs
  Blork the orc (D:5)
  2 water moccasin zombies
  2 scorpions
  A bullfrog zombie (D:5)
  2 crimson imps (D:5)
  A quasit (D:6)
  3 hounds
  2 orc priests (D:4)
  2 centaur skeletons
  An iguana (D:4)
  9 orc wizards
  2 worker ants
  3 hound zombies
  A howler monkey zombie (D:5)
  9 adders
  2 oozes
  2 adder zombies (D:5)
  4 worms
  3 dart slugs
  4 leopard geckos
  28 orcs
  A ball python (D:2)
  3 bats
  9 giant cockroaches
  6 goblins
  5 hobgoblins
  2 jackals (D:2)
  3 quokkas
  3 frilled lizards
  A jackal zombie (D:5)
  7 kobolds
  A quokka skeleton (D:5)
  6 rats
144 creatures vanquished.

Notes
Turn   | Place    | Note
-------+----------+-------------------------------------------
     0 | D:1      | McIrco the Minotaur Fighter began the quest for the Orb.
     0 | D:1      | Reached XP level 1. HP: 19/19 MP: 0/0
   163 | D:1      | Reached XP level 2. HP: 27/27 MP: 1/1
   290 | D:1      | Reached skill level 4 in Shields
   770 | D:2      | Reached XP level 3. HP: 33/33 MP: 2/2
  1212 | D:3      | Reached XP level 4. HP: 21/40 MP: 3/3
  1731 | D:3      | Found a snail-covered altar of Cheibriados.
  2082 | D:3      | Reached skill level 5 in Shields
  2339 | D:4      | Noticed an ogre
  2352 | D:4      | Killed an ogre
  2352 | D:4      | Reached skill level 5 in Armour
  2352 | D:4      | Reached XP level 5. HP: 5/47 MP: 4/4
  2755 | D:4      | Reached XP level 6. HP: 19/53 MP: 5/5
  3310 | D:4      | Reached skill level 5 in Axes
  3343 | D:4      | Found a white marble altar of Elyvilon.
  3356 | D:4      | Reached skill level 5 in Fighting
  3356 | D:4      | Reached skill level 1 in Dodging
  3356 | D:4      | Reached skill level 6 in Shields
  3356 | D:4      | Reached XP level 7. HP: 57/61 MP: 6/6
  4313 | D:5      | Entered Level 5 of the Dungeon
  4449 | D:5      | Noticed Blork the orc
  4457 | D:5      | Killed Blork the orc
  4457 | D:5      | Reached XP level 8. HP: 60/70 MP: 7/7
  4607 | D:5      | Reached skill level 7 in Shields
  4776 | D:5      | Reached skill level 1 in Stealth
  5022 | D:5      | Found a snail-covered altar of Cheibriados.
  5640 | D:6      | Reached skill level 8 in Shields
  5854 | D:6      | Found a staircase to the Ecumenical Temple.
  5858 | D:6      | Reached XP level 9. HP: 65/79 MP: 8/8
  5949 | Temple   | Entered the Ecumenical Temple
  6076 | Temple   | Became a worshipper of Gozag Ym Sagoz the Greedy
  6454 | D:7      | Found a flagged portal.
  6464 | Bailey   | Entered a bailey
  6474 | Bailey   | Gained mutation: You are partially covered in rugged brown
                  | scales. (AC +1, +3% HP) [potion of mutation]
  6474 | Bailey   | Gained mutation: You expend magic power (3 MP) to
                  | strengthen your wands. [potion of mutation]
  6474 | Bailey   | Gained mutation: You have a somewhat thin skeletal
                  | structure. (Dex +2, Stealth) [potion of mutation]
  7035 | Bailey   | Reached skill level 9 in Shields
  7302 | Bailey   | Shot with a bolt by an orc warrior

Illustrated notes

Levels and vault maps discovered:
D:1:      beargit_arrival_greenhouse, layout_loops_ring, minmay_pentomino_t4
D:2:      layout_rooms
D:3:      layout_loops_ring, lemuel_crystal_altar, first_ration
D:4:      layout_basic, elyvilon_altar_1
D:5:      layout_loops_cross, cheibrodos_worm_habitat, uniq_blork_the_orc
D:6:      layout_rooms, minmay_temple_entry_sparse_star, minmay_hedge_maze,
          ebering_dispersal_statue_hall
D:7:      layout_basic, nicolae_overflow_hidden_temple, enter_bailey_1,
          grunt_livestock
Temple:   nicolae_temple_elliptical
Bailey:   bailey_polearm_2, bailey

Skill      XL: |  1  2  3  4  5  6  7  8  9 |
---------------+----------------------------+-----
Fighting       | 4 5 7 |  7.3
Shields        | 4 5 6 8 9 |  9.0
Armour         | 4 5 6 7 |  7.8
Axes           | 3 4 5 6 7 |  7.4
Dodging        | 1 2 |  2.3
Stealth        | 1 |  1.1

Action                   |  1- 3 |  4- 6 |  7- 9 || total
-------------------------+-------+-------+-------++-------
Melee: War axe           |   107 |   116 |   276 ||   499
       Headbutt          |    16 |    20 |    52 ||    88
Evoke: Wand              |       |       |     1 ||     1
  Use: Potion            |       |       |     2 ||     2
       Scroll            |       |       |    18 ||    18
  Eat: Chunk             |     1 |     6 |     8 ||    15
       Ration            |       |       |     2 ||     2
Armor: Scale mail        |    52 |    55 |   122 ||   229
Dodge: Dodged            |    27 |    27 |   122 ||   176
Block: Kite shield       |    50 |    56 |   211 ||   317
